 Dungeon Crawl Stone Soup version 0.30-a0-46-g5a63ccc183 (webtiles) character file.

Game seed: 18412023677028246124

21 IdlyInterested the Covered (level 2, -2/23 HPs)
             Began as a Demonspawn Wanderer on Sept 1, 2022.
             Slain by a worm (7 damage)
             ... on level 2 of the Dungeon.
             The game lasted 00:02:23 (974 turns).

IdlyInterested the Covered (Demonspawn Wanderer)     Turns: 974, Time: 00:02:24

Health: -2/23      AC: 10    Str: 15    XL:     2   Next: 62%
Magic:  2/2        EV:  7    Int: 11    God:
Gold:   54         SH:  0    Dex: 11    Spells: 1/1 levels left

rFire   . . .      SeeInvis .    i - +0 mace
rCold   . . .      Faith    .    (no shield)
rNeg    . . .      Spirit   .    e - +0 chain mail
rPois   .          Reflect  .    (no helmet)
rElec   .          Harm     .    (no cloak)
rCorr   .          Rampage  .    (no gloves)
Will    .....                    (no boots)
Stlth   ..........               (no amulet)
HPRegen 0.07/turn                (no ring)
MPRegen 0.08/turn                (no ring)

@: no status effects
A: sharp scales 1
a: no special abilities


You were on level 2 of the Dungeon.
You visited 1 branch of the dungeon, and saw 2 of its levels.

You collected 54 gold pieces.

Inventory:

Hand Weapons
 i - a +0 mace (weapon)
Armour
 e - a +0 chain mail (worn)
Wands
 c - a wand of flame (7) (quivered)
Scrolls
 b - a scroll of silence
 f - 2 scrolls of teleportation {unknown}
 g - a scroll of enchant weapon {unknown}
 j - a scroll of identify {unknown}
Potions
 a - a potion of brilliance {unknown}
 d - a potion of attraction
 h - a potion of haste {unknown}


   Skills:
 * Level 2.9 Fighting
 + Level 4.7 Armour
 - Level 1.0 Dodging
 - Level 1.0 Unarmed Combat
 - Level 1.0 Evocations


You had one spell level left.
You didn't know any spells.
Your spell library contained the following spells:

 Spells                   Type           Power      Damage    Failure   Level
 Apportation              Tloc           0%         N/A       99%         1
 Necrotise                Necr           0%         1d4       99%         1
 Summon Small Mammal      Summ           0%         N/A       99%         1
 Dazzling Flash           Conj/Hex       0%         N/A       100%        3
 Iskenderun's Mystic Bla  Conj/Tloc      0%         2d3       100%        4
 Starburst                Conj/Fire      0%         6d3       100%        6


Dungeon Overview and Level Annotations

Branches:
Dungeon (2/15)

Altars:

Shops:
D:1 :


Innate Abilities, Weirdness & Mutations

You are partially covered in razor-sharp scales. (AC +1, Slay +1)


Message History

The goblin shouts!
The goblin unwields a +0 club.
The goblin wields a +0 sling.
The goblin shoots a sling bullet.
The sling bullet hits you but does no damage.
There is a stone staircase leading up here.
The goblin shoots a sling bullet.
The sling bullet barely misses you.
The goblin shoots a sling bullet.
The sling bullet hits you but does no damage.
Found an amethyst potion.
The worm closely misses you.
The goblin shoots a sling bullet.
The sling bullet hits you but does no damage.
You barely miss the worm.
The goblin shoots a sling bullet.
The sling bullet hits you but does no damage.
The worm barely misses you.
You hit the worm.
The worm is lightly wounded.
The goblin shoots a sling bullet.
The sling bullet hits you but does no damage.
The worm bites you!
You thump the worm!
The worm is heavily wounded.
You hit the worm.
The worm is severely wounded.
The goblin shoots a sling bullet.
The sling bullet hits you but does no damage.
The worm bites you.
The goblin shoots a sling bullet.
The sling bullet barely misses you.
You hit the worm.
The worm is severely wounded.
The worm bites you.
* * * LOW HITPOINT WARNING * * *
The goblin shoots a sling bullet.
The sling bullet closely misses you.
You hit the worm.
The worm is almost dead.
The goblin shoots a sling bullet.
The sling bullet closely misses you. The worm barely misses you.
You barely miss the worm.
The worm is almost dead.
The worm bites you!
You die...

#.# #.# # #.# #
###.### # #
##.....#.### #
##........... #
# #.........#
#.#....@w...##
#.......g.....!
##..<.........#
#............#
###..........#
...........#
#..........##
#..........#
#..........#


You could see a worm and a goblin.

Vanquished Creatures
  A dart slug (D:1)
  4 bats (D:1)
  2 endoplasms (D:1)
  A giant cockroach (D:1)
  3 goblins
  2 hobgoblins (D:1)
  3 frilled lizards (D:1)
  A kobold (D:1)
17 creatures vanquished.

Notes
Turn   | Place    | Note
-------+----------+-------------------------------------------
     0 | D:1      | IdlyInterested the Demonspawn Wanderer began the quest for
                  | the Orb.
     0 | D:1      | IdlyInterested set off with the following items: a +0 club,
                  | a scroll of silence, a wand of flame (7), a potion of
                  | attraction, a +0 chain mail.
     0 | D:1      | Reached XP level 1. HP: 16/16 MP: 1/1
   383 | D:1      | Gained mutation: You are partially covered in razor-sharp
                  | scales. (AC +1, Slay +1) [demonic ancestry]
   383 | D:1      | Reached XP level 2. HP: 17/23 MP: 2/2
   522 | D:1      | Found Beghuesa's Book Shoppe.
   974 | D:2      | Slain by a worm

Illustrated notes

Levels and vault maps discovered:
D:1:      lightli_arrival_chessboard, layout_loops_ring, serial_shops, shop
D:2:      layout_rooms

Action                   || total
-------------------------++-------
Melee: Club              ||    19
       Mace              ||    43
Armor: Chain mail        ||    56
Dodge: Dodged            ||    30

Table legend: (Time is in decaauts)
 A = Elapsed time spent in this place.
 B = Non-inter-level travel time spent in this place.
 C = Inter-level travel time spent in this place.
 D = Time resting spent in this place.
 E = Time spent auto-exploring this place.
 F = Levels seen in this place.
 G = Mean time per level.
                   A        B        C        D        E       F      G
               +--------+--------+--------+--------+--------+-----+--------+
         Total |    996 |    922 |     74 |      0 |    724 |   2 |  498.0 |
       Dungeon |    996 |    922 |     74 |      0 |    724 |   2 |  498.0 |
               +--------+--------+--------+--------+--------+-----+--------+

Top non-repeatable levels by time:
     D:1: 966 daAuts
     D:2: 29 daAuts
